 Dungeon Crawl Stone Soup version 0.31-a0-182-gc5ef74bbde (webtiles) character file.

Game seed: 4886026588762370519

744 ketsa the Insei (level 7, -1/54 HPs)
             Began as a Vampire Gladiator on June 20, 2023.
             Was an Initiate of Gozag.
             Succumbed to a kobold brigand's curare-tipped dart
             ... on level 5 of the Dungeon.
             The game lasted 00:14:55 (4428 turns).

ketsa the Insei (Vampire Gladiator)                 Turns: 4428, Time: 00:14:56

Health: -1/54      AC:  5    Str: 13    XL:     7   Next: 47%
Magic:  7/7        EV: 19    Int: 13    God:    Gozag
Gold:   626        SH:  0    Dex: 18    Spells: 6/6 levels left

rFire   + .          .
                       - Unarmed
rCold   + . .        (no shield)
rNeg    . . .        a - +0 leather armour
rPois   .            b - +0 helmet
rElec   .            (no cloak)
rCorr   .            t - +0 pair of gloves
SInv    +            (no boots)
Will    .....        (no amulet)
Stlth   +            g - ring of protection from cold
HPRegen 0.49/turn    p - ring "Wak Heli" {rF+ EV+5 Int+3}
MPRegen 0.10/turn

%: no passive effects
@: lethally poisoned (-1 -> -2), healing quickly, slowed, very slow
A: alive, fangs 3, see invisible, vampiric 2
a: Exsanguinate, Renounce Religion, Potion Petition, Call Merchant, Bribe Branch


You were on level 5 of the Dungeon.
You worshipped Gozag.
Gozag was pleased with you.
You visited 2 branches of the dungeon, and saw 6 of its levels.

You collected 704 gold pieces.
You paid 78 gold pieces to Gozag.

Inventory:

Hand Weapons
 f - a +1 falchion of electrocution
 G - a +4 sling
Missiles
 c - 4 throwing nets
 d - a javelin
 v - 8 poisoned darts (quivered)
 E - 71 stones
Armour
 a - a +0 leather armour (worn)
 b - a +0 helmet (worn)
 e - a +0 ring mail
 h - a +0 helmet
 t - a +0 pair of gloves (worn)
 w - a +0 leather armour
 D - a +0 helmet
Jewellery
 g - a ring of protection from cold (left hand)
 j - a ring of magical power
 p - the ring "Wak Heli" (right hand) {rF+ EV+5 Int+3}
   (You found it on level 2 of the Dungeon)

   [ring of evasion]

   EV:        It affects your evasion (+5).
   Int:       It affects your intelligence (+3).
   rF:        It protects you from fire.
 A - an amulet of the acrobat
Wands
 x - a wand of iceblast (3)
Scrolls
 k - a scroll of blinking
 l - a scroll of enchant weapon {unknown}
 o - 2 scrolls of fog {unknown}
 r - a scroll of amnesia
 y - a scroll of teleportation {unknown}
 C - a scroll of noise {unknown}
Potions
 i - a potion of berserk rage
 m - 3 potions of brilliance
 n - a potion of invisibility {unknown}
 q - a potion of might {unknown}
 s - a potion of enlightenment {unknown}
 u - 2 potions of mutation {unknown}
 z - 3 potions of curing
 B - 2 potions of lignification {unknown}
 F - 2 potions of cancellation {unknown}


   Skills:
 + Level 4.2 Fighting
 - Level 1.5 Throwing
 + Level 5.1 Dodging
 * Level 7.5 Unarmed Combat


You had 6 spell levels left.
You didn't know any spells.
Your spell library contained the following spells:

 Spells                   Type           Power      Damage    Failure   Level
 Ensorcelled Hibernation  Hex/Ice        0%         N/A       52%         2
 Gell's Gravitas          Tloc           0%         N/A       75%         3
 Spider Form              Tmut/Pois      0%         N/A       75%         3
 Teleport Other           Tloc           0%         N/A       75%         3
 Anguish                  Hex/Necr       0%         N/A       98%         4
 Passage of Golubria      Tloc           0%         N/A       98%         4
 Silence                  Hex/Air        0%         N/A       100%        5
 Dispersal                Tloc           0%         N/A       100%        6
 Lehudib's Crystal Spear  Conj/Erth      0%         10d2      100%        8


Dungeon Overview and Level Annotations

Branches:
Dungeon (5/15)             Temple (1/1) D:4

Altars:
Ashenzari
Dithmenos
Gozag
Hepliaklqana
Kikubaaqudgha
Makhleb
Nemelex Xobeh
Okawaru
Ru
Vehumet
Xom
Yredelemnul

Shops:
D:5 [


Innate Abilities, Weirdness & Mutations

Your natural rate of healing is accelerated.
You have razor-sharp teeth.
You have supernaturally acute eyesight. (SInv)
You are afflicted with vampirism and can become a bat while bloodless.


Message History

The curare-tipped dart hits you.
You are more poisoned.
You have difficulty breathing.
You feel as though you will be slow longer.
A kobold comes into view. It is wielding a +0 short sword.
You feel extremely sick.
The kobold shouts!
You feel very sick.
The kobold brigand throws a curare-tipped dart.
The curare-tipped dart hits you.
You are more poisoned.
You have difficulty breathing.
* * * LOW HITPOINT WARNING * * *
You feel as though you will be slow longer.
* * * LOW HITPOINT WARNING * * *
You feel extremely sick.
It was a potion of curing.
You feel better.
The kobold brigand throws a curare-tipped dart.
The curare-tipped dart hits you.
You are poisoned.
You have difficulty breathing.
* * * LOW HITPOINT WARNING * * *
You feel as though you will be slow longer.
Keep bloodletting?
* * * LOW HITPOINT WARNING * * *
You feel very sick.
You begin bloodletting.
You continue bloodletting.
* * * LOW HITPOINT WARNING * * *
You feel sick. The kobold closely misses you.
You continue bloodletting.
* * * LOW HITPOINT WARNING * * *
You feel sick.
You continue bloodletting.
* * * LOW HITPOINT WARNING * * *
You feel sick.
The kobold brigand completely misses you.
The kobold brigand barely misses you.
You continue bloodletting.
You die...
Your body crumbles into a pile of gold.

#...... ..##
#...... ...###
#..♣.♣♣..#K..
#.........#
#....♣...##
#..K..(...#.
##
#..KK..K...#
..
###K#.#..##.##
#. #@#....#
.#..###.
#.#.#.##
#.......
#.#.#.#
###.###.
###.#.# #
#.###. #)..#.#
#.....
####.###.#
###.#.
#......#.#
##....
#.##.#.#.#
........
#.##.#.#.#
#####.#.


You could see a kobold brigand and 3 kobolds.

Vanquished Creatures
  A phantom (D:5)
  3 scorpions
  A jelly (D:5)
  Natasha (twice) (D:3)
  Terence (D:2)
  2 iguanas
  3 orc wizards
  4 adders
  9 gnolls
  A worm (D:2)
  4 dart slugs
  22 orcs
  4 bats
  8 endoplasms
  A giant cockroach (D:2)
  12 goblins
  6 hobgoblins
  6 jackals
  13 kobolds
  2 quokkas
  8 ball pythons
  6 frilled lizards
  6 rats
125 creatures vanquished.

Notes
Turn   | Place    | Note
-------+----------+-------------------------------------------
     0 | D:1      | ketsa the Vampire Gladiator began the quest for the Orb.
     0 | D:1      | Reached XP level 1. HP: 16/16 MP: 1/1
   120 | D:1      | Reached XP level 2. HP: 22/22 MP: 2/2
   368 | D:1      | Reached skill level 4 in Unarmed Combat
   854 | D:2      | Gained mutation: You are afflicted with vampirism and can
                  | become a bat while bloodless. [Vampire growth]
   854 | D:2      | Reached XP level 3. HP: 28/28 MP: 3/3
  1079 | D:2      | Identified the ring "Wak Heli" {rF+ EV+5 Int+3}
  1429 | D:2      | Reached XP level 4. HP: 34/34 MP: 4/4
  1507 | D:2      | Noticed Terence
  1526 | D:2      | Killed Terence
  1527 | D:2      | Reached skill level 5 in Unarmed Combat
  1733 | D:3      | Noticed Natasha
  1743 | D:3      | Killed Natasha
  1836 | D:3      | Reached XP level 5. HP: 40/40 MP: 5/5
  2382 | D:3      | Noticed Natasha
  2387 | D:3      | Killed Natasha
  2474 | D:3      | Found an opulent altar of Gozag.
  2478 | D:3      | Became a worshipper of Gozag Ym Sagoz the Greedy
  2956 | D:4      | Reached skill level 6 in Unarmed Combat
  2956 | D:4      | Reached XP level 6. HP: 35/47 MP: 6/6
  3250 | D:4      | Found a staircase to the Ecumenical Temple.
  3259 | Temple   | Entered the Ecumenical Temple
  3625 | D:4      | Found an iron altar of Okawaru.
  3918 | D:5      | Entered Level 5 of the Dungeon
  3997 | D:5      | Found Xuastaow's Armour Shoppe.
  4005 | D:5      | Reached skill level 7 in Unarmed Combat
  4005 | D:5      | Reached XP level 7. HP: 40/53 MP: 7/7
  4098 | D:5      | Noticed a two-headed ogre
  4232 | D:5      | Reached skill level 5 in Dodging
  4425 | D:5      | HP: 2/54 [poisoned by a kobold brigand (curare-tipped
                  | dart)]
  4428 | D:5      | Succumbed to a kobold brigand's curare-tipped dart

Illustrated notes

Levels and vault maps discovered:
D:1:      lemuel_arrival_room, layout_basic
D:2:      layout_loops_cross, serial_forest, infiniplex_forest_clump_curved,
          infiniplex_forest_end_double, infiniplex_forest_straight_2,
          infiniplex_forest_join, infiniplex_forest_straight_3,
          infiniplex_forest_lined_3, infiniplex_forest_lined_ring,
          infiniplex_forest_end_2, infiniplex_forest_diagonal, uniq_terence
D:3:      layout_basic, marbit_many_paths, serial_park_tiny_pond, uniq_natasha
D:4:      layout_rooms, okawaru_altar_gauntlet_db, temple_doors_ab,
          feat_on_display
D:5:      layout_loops_ring, serial_shops, nicolae_shop_statue_plus,
          chequers_arboretum, chequers_garden
Temple:   nicolae_temple_bog_church

Skill      XL: |  1  2  3  4  5  6  7 |
---------------+----------------------+-----
Fighting       | 2 3 4 |  4.2
Unarmed Combat | 4 5 6 7 |  7.5
Dodging        | 4 5 |  5.1
Throwing       | |  1.5

Action                     |  1- 3 |  4- 6 |  7- 9 || total
---------------------------+-------+-------+-------++-------
  Melee: Unarmed           |   120 |   298 |    36 ||   454
         Bite              |    14 |    36 |     7 ||    57
         Punch             |     1 |    11 |       ||    12
  Throw: Dart              |       |     4 |       ||     4
         Throwing net      |       |     1 |       ||     1
Ability: Exsanguinate      |       |       |     1 ||     1
    Use: Scroll            |       |     4 |       ||     4
         Potion            |       |       |     1 ||     1
   Stab: Sleeping          |     3 |     1 |       ||     4
 Armour: Leather armour    |    29 |    37 |     1 ||    67
  Dodge: Dodged            |    62 |   206 |    28 ||   296

Table legend: (Time is in decaauts)
 A = Elapsed time spent in this place.
 B = Non-inter-level travel time spent in this place.
 C = Inter-level travel time spent in this place.
 D = Time resting spent in this place.
 E = Time spent auto-exploring this place.
 F = Levels seen in this place.
 G = Mean time per level.
                   A        B        C        D        E       F      G
               +--------+--------+--------+--------+--------+-----+--------+
         Total |   4392 |   4205 |    187 |    270 |   2323 |   6 |  732.0 |
       Dungeon |   4234 |   4052 |    182 |    270 |   2183 |   5 |  846.8 |
        Temple |    157 |    152 |      5 |      0 |    140 |   1 |  157.0 |
               +--------+--------+--------+--------+--------+-----+--------+

Top non-repeatable levels by time:
     D:4: 1114 daAuts
     D:3: 1009 daAuts
     D:2: 871 daAuts
     D:1: 828 daAuts
     D:5: 410 daAuts
  Temple: 157 daAuts
